 Dungeon Crawl Stone Soup version 0.17-a0-1562-g9b2c768 (console) character file.

1858906 vogonpoet the Acrobat (level 27, 211/211 HPs)
             Began as an Octopode Wizard on July 15, 2015.
             Was the Champion of Ashenzari.
             Escaped with the Orb
             ... and 4 runes on July 20, 2015!
             The game lasted 16:17:11 (118508 turns).

vogonpoet the Acrobat (Octopode Wizard)           Turns: 118508, Time: 16:17:11

Health: 211/211    AC: 16    Str: 11    XL:     27
Magic:  53/53      EV: 35    Int: 34    God:    Ashenzari [******]
Gold:   3093       SH:  9    Dex: 20    Spells: 15 memorised, 2 levels left

rFire  + + +     SeeInvis +     b - staff of energy
rCold  + + .     Clarity  +     e - +1 buckler {AC+3} (curse)
rNeg   + + .     SustAt   .     A - +1 hat of Noon {rElec rF- rCorr Dex+2} (curse)
rPois  +         Gourm    .     j - amulet of Xom's Bemusement {rMut *Corrode rPois rF+ Slay+3} (curse)
rElec  +         Spirit   .     S - ring "Zipi Byckio" {rElec rF++ MR+ Str+3} (curse)
rCorr  +         Warding  .     G - +5 ring of dexterity (curse)
rMut   +         Stasis   .     k - ring "Dykhliol" {rC+ AC+4} (curse)
MR     ++++.                    l - ring "Odall" {rPois rN+ MR+ Stlth-} (curse)
Stlth  +++.......               L - ring "Otidy" {+Inv rF++ rC+ MP+9 Str-3} (curse)
                                i - +3 ring of protection (curse) {O}
                                E - ring "Hoygiwn" {rN+ AC+2 Str+5} (curse)
                                d - ring "Pogridae" {rF++ AC+2 Int+3} (curse)

@: repel missiles, incredibly resistant to hostile enchantments, fairly stealthy
A: almost no armour, amphibious, 8 rings, constrict 8, camouflage 1, wild magic
1, gelatinous body 1
a: Scrying, Transfer Knowledge, Renounce Religion, Evoke Invisibility
0: Orb of Zot
}: 4/15 runes: serpentine, barnacled, silver, abyssal


You escaped.
You worshipped Ashenzari.
Ashenzari was exalted by your worship.
You were very full.

You visited 11 branches of the dungeon, and saw 57 of its levels.
You visited the Abyss 3 times.
You visited 2 bazaars.
You also visited: Trove, Sewer, Bailey, Ice Cave and Volcano.

You collected 9558 gold pieces.
You spent 6465 gold pieces at shops.

Inventory:

Hand weapons
 a - the +4 arc blade {discharge, rElec}
   (You took it off Nikola on level 1 of the Shoals)

   It insulates you from electricity.
 n - the +9 arbalest of Annihilation {venom, Int+3 Dex+6}
   (You found it on level 3 of the Elven Halls)

   It poisons the ammo it fires.
   It affects your intelligence (+3).
   It affects your dexterity (+6).
 y - a +0 blowgun
Missiles
 o - 15 curare-tipped needles
 v - 8 throwing nets (quivered)
Armour
 e - a cursed +1 buckler of protection (worn)
 A - the cursed +1 hat of Noon (worn) {rElec rF- rCorr Dex+2}
   (You found it on level 8 of the Lair of Beasts)

   It affects your dexterity (+2).
   It makes you vulnerable to fire.
   It insulates you from electricity.
   It protects you from acid and corrosion.
   It has a curse placed upon it.
Magical staves
 b - an uncursed staff of energy (weapon)
Jewellery
 d - the cursed ring "Pogridae" (on tentacle) {rF++ AC+2 Int+3}
   (You took it off an ogre mage on level 2 of the Depths)

   [ring of protection]

   It affects your AC (+2).
   It affects your intelligence (+3).
   It greatly protects you from fire.
   It has a curse placed upon it.
 i - a cursed +3 ring of protection (on tentacle) {O}
 j - the cursed amulet of Xom's Bemusement (around mantle) {rMut *Corrode rPois rF+ Slay+3}
   (You found it on level 3 of the Crypt)

   [amulet of resist mutation]

   It protects you from mutation.
   It affects your accuracy and damage with ranged weapons and melee attacks
   (+3).
   It protects you from fire.
   It protects you from poison.
   It may corrode your equipment when you take damage.
   It has a curse placed upon it.
 k - the cursed ring "Dykhliol" (on tentacle) {rC+ AC+4}
   (You bought it in a shop in a bazaar)

   [ring of protection]

   It affects your AC (+4).
   It protects you from cold.
   It has a curse placed upon it.
 l - the cursed ring "Odall" (on tentacle) {rPois rN+ MR+ Stlth-}
   (You bought it in a shop in a bazaar)

   [ring of loudness]

   It protects you from poison.
   It protects you from negative energy.
   It affects your resistance to hostile enchantments.
   It makes you less stealthy.
   It has a curse placed upon it.
 C - the cursed ring of Sif Muna's Indignation {-Tele +Fly MR- MP+9 Str+2}
   (You found it in a treasure trove)

   [ring of flight]

   It affects your strength (+2).
   It affects your resistance to hostile enchantments.
   It affects your magic capacity (+9).
   It lets you fly.
   It prevents most forms of teleportation.
   It has a curse placed upon it.
 E - the cursed ring "Hoygiwn" (on tentacle) {rN+ AC+2 Str+5}
   (You found it on level 12 of the Dungeon)

   [ring of protection]

   It affects your AC (+2).
   It affects your strength (+5).
   It protects you from negative energy.
   It has a curse placed upon it.
 G - a cursed +5 ring of dexterity (right tentacle)
 J - an uncursed amulet of regeneration
 K - the ring "Cuafy" {+Blink rF+ rN+ Slay+2}
   (You found it on level 1 of the Lair of Beasts)

   [ring of positive energy]

   It affects your accuracy and damage with ranged weapons and melee attacks
   (+2).
   It protects you from fire.
   It protects you from negative energy.
   It lets you blink.
 L - the cursed ring "Otidy" (on tentacle) {+Inv rF++ rC+ MP+9 Str-3}
   (You took it off a deep elf blademaster on level 3 of the Elven Halls)

   [ring of invisibility]

   It affects your strength (-3).
   It greatly protects you from fire.
   It protects you from cold.
   It affects your magic capacity (+9).
   It lets you turn invisible.
   It has a curse placed upon it.
 O - the ring of Shadows {Umbra +Inv rN+ SInv}
   (You found it in a treasure trove)

   [ring of invisibility]

   It protects you from negative energy.
   It lets you see invisible.
   It lets you turn invisible.
 Q - a +5 ring of slaying
 S - the cursed ring "Zipi Byckio" (left tentacle) {rElec rF++ MR+ Str+3}
   (You found it on level 1 of the Crypt)

   [ring of strength]

   It affects your strength (+3).
   It greatly protects you from fire.
   It insulates you from electricity.
   It affects your resistance to hostile enchantments.
   It has a curse placed upon it.
Magical devices
 w - a wand of teleportation (5)
 B - a wand of invisibility (2)
 I - a wand of disintegration (6)
 U - a wand of teleportation (3)
 X - a wand of heal wounds (5)
 Z - a wand of digging (10)
Scrolls
 c - 23 scrolls of identify
 q - 12 scrolls of blinking
 r - 23 scrolls of teleportation
 s - 14 scrolls of recharging
 u - 8 scrolls of fear
 z - 11 scrolls of fog
 F - 3 scrolls of magic mapping
 T - 15 scrolls of remove curse
Potions
 f - 5 potions of magic
 h - 2 potions of cure mutation
 m - 4 potions of resistance
 p - 7 potions of haste
 t - a potion of brilliance
 x - 5 potions of heal wounds
 D - 20 potions of curing
 M - 8 potions of agility
 P - 2 potions of invisibility
 R - 10 potions of might
 W - 5 potions of cancellation
Books
 N - a book of the Tempests

   Spells                             Type                      Level
   a - Static Discharge               Conjuration/Air              3
   b - Lightning Bolt                 Conjuration/Air              5
   c - Fireball                       Conjuration/Fire             5
   d - Tornado                        Air                          9
   e - Shatter                        Earth                        9
Miscellaneous
 V - a crystal ball of energy
 Y - a legendary deck of defence {the Elixir}
Comestibles
 g - 23 bread rations
 H - 22 meat rations


   Skills:
 + Level 23.1 Fighting
 - Level 14.0(14.1) Short Blades
   Level 2.8(9.7) Long Blades
 - Level 26.8(27) Dodging
 - Level 13.1(17.2) Stealth
 - Level 11.0(13.7) Shields
 - Level 17.5 Spellcasting
 - Level 18.1(21.8) Conjurations
 - Level 3.0(6.8) Hexes
 - Level 10.1(14.3) Charms
   Level 3.4(7.4) Summonings
 - Level 1.0(3.5) Necromancy
 - Level 14.4(18.4) Translocations
 - Level 1.1(3.7) Transmutations
 - Level 1.0(3.5) Fire Magic
 - Level 6.0(10.5) Ice Magic
 - Level 7.8(12.3) Air Magic
 - Level 9.7(14.0) Earth Magic
 - Level 4.0(8.2) Poison Magic
 - Level 12.0(16.1) Evocations


You had 2 spell levels left.
You knew the following spells:

 Your Spells              Type           Power        Failure   Level  Hunger
a - Magic Dart            Conj           ####         1%          1    None
b - Iskenderun's Mystic   Conj           ########     1%          4    None
c - Controlled Blink      Tloc           N/A          3%          7    None
d - Orb of Destruction    Conj           ########..   1%          7    None
e - Apportation           Tloc           ########..   1%          1    None
f - Iskenderun's Battles  Conj/Chrm      ########     1%          5    None
g - Regeneration          Chrm/Necr      #######...   1%          3    None
h - Iron Shot             Conj/Erth      ########..   1%          6    None
i - Ignite Poison         Fire/Trmt/Pois #######.     2%          3    None
p - Poisonous Cloud       Conj/Pois/Air  ########..   3%          6    None
r - Repel Missiles        Chrm/Air       ######       1%          2    None
s - Ensorcelled Hibernat  Hex/Ice        ######       1%          2    None
t - Haste                 Chrm           ########     3%          6    None
w - Passwall              Trmt/Erth      #######...   1%          3    None
z - Ozocubu's Armour      Chrm/Ice       ########     1%          3    None


Dungeon Overview and Level Annotations

Branches:
Dungeon (15/15)            Temple (1/1) D:4            Lair (8/8) D:9
 Shoals (4/4) Lair:5        Snake (4/4) Lair:5        Slime (0/6) Lair:8
    Orc (4/4) D:12            Elf (3/3) Orc:3        Vaults (5/5) D:14
  Crypt (3/3) Vaults:3       Tomb (0/3) Crypt:3      Depths (5/5) D:15
    Zot (5/5) Depths:5

Altars:
Ashenzari
Cheibriados
Dithmenos
Elyvilon
Fedhas
Gozag
Kikubaaqudgha
Makhleb
Nemelex Xobeh
Okawaru
Qazlal
Ru
Sif Muna
Trog
Vehumet
Xom
Yredelemnul
Zin
The Shining One
Beogh
Jiyva

Shops:
D:5 }:*   D:9 *   D:10 :}!   Orc:4 *!!([   Elf:1 (   Snake:1 :   Snake:2 %(**
Snake:3 (   Vaults:1 [   Depths:4 [

Portals:
Hell: Depths:1 Depths:2 Depths:3 Depths:4 Depths:5
Abyss: Depths:1 Depths:4
Pandemonium: Depths:3 Depths:4
Ziggurat: Depths:4

Annotations:
D:7 exclusion: oklob plant
Depths:2 exclusion: 2 upstairs


Innate Abilities, Weirdness & Mutations

You cannot wear most types of armour.
You are amphibious.
You can wear up to eight rings at the same time.
You can use your tentacles to constrict eight enemies at once.
Your skin changes colour to match your surroundings (Stealth).
Your rubbery body absorbs attacks (AC +1).
Your spells are a little harder to cast, but a little more powerful.


Message History

You hit the sixfirhy! You grab the sixfirhy. You squeeze the sixfirhy!
The sixfirhy is moderately wounded.
You constrict the sixfirhy. You hit the sixfirhy!
The sixfirhy is severely wounded.
You constrict the sixfirhy. You block the sixfirhy's attack.
The sixfirhy completely misses you. x2
You hit the sixfirhy but do no damage.
The sixfirhy is severely wounded.
You constrict the sixfirhy. The sixfirhy completely misses you.
The sixfirhy barely misses you. You block the sixfirhy's attack.
The sixfirhy completely misses you. x2
You hit the sixfirhy but do no damage.
The sixfirhy is severely wounded.
You constrict the sixfirhy!
You kill the sixfirhy!
There is a large open door here.
There is a large open door here.
There is a staircase leading out of the dungeon here.
You have escaped!

#≈..8...^......8..≈##[.#.#.#.##
#≈.##############.≈....##...###
#≈8#≈≈≈≈≈#.≈≈.#.#8≈[..........#
#≈.#≈...≈#.≈≈.#.#.≈###.###.##.#
#≈.#≈.#.≈#.≈≈.#.#.≈# #.###.##.##
#≈8#≈.#.≈#.≈≈.#.#.≈###.........#
##≈.#≈.#.≈#.≈§.#.#.≈........##..#
#...'..#..'..r.'.#.≈#####..###..#
#...'..#..'....'@#.≈# #..# #..#
#)≈.#≈.#.≈#.≈≈.#.#.≈# #..###).#
..≈8#≈.#.≈#.§≈.#.#.≈# #.......#
##≈.#≈.#.≈#.≈≈.#.#K≈#####...##.##
#≈.#≈...≈#.≈≈.#.#.≈{..........).
#≈8#≈≈≈≈≈#.§≈.#.#8≈######.......
#≈.##############(≈# #.######
#≈..8..........8..≈# #.#
##≈≈≈≈≈≈≈≈≈≈≈≈≈≈≈≈≈≈# #.#


You could see a rat.

Vanquished Creatures
  7 ancient liches
  5 orbs of fire (Zot:5)
  Frederick (Vaults:5)
  Margery (Depths:1)
  Saint Roka (Vaults:2)
  3 Killer Klowns (Zot:5)
  4 curse toes
  A caustic shrike (Depths:4)
  Nikola (Shoals:1)
  Jory (Vaults:2)
  2 pandemonium lords
  A profane servitor (Crypt:3)
  12 golden dragons
  3 bone dragons
  4 electric golems
  7 liches
  26 tentacled monstrosities
  A Hell Sentinel (Depths:3)
  3 titans
  3 deep elf blademasters
  29 Orb Guardians
  2 deep elf master archers (Elf:3)
  4 krakens
  7 sphinxes
  An octopode crusher (Depths:2)
  A tentacled starspawn (Abyss:3)
  16 storm dragons
  11 greater nagas
  An ancient champion (Crypt:2)
  11 tengu reavers
  Roxanne (Elf:3)
  3 revenants
  5 draconian monks
  14 shadow dragons
  13 fire giants
  Ilsuiw (Shoals:4)
  Donald (Snake:4)
  21 vault wardens
  3 orc warlords
  13 frost giants
  4 draconian knights
  6 iron dragons
  2 draconian scorchers
  A ghost moth (shapeshifter) (Depths:5)
  Louise (Shoals:1)
  7 deep elf sorcerers
  7 ghost moths
  5 curse skulls
  5 draconian zealots
  8 draconian shifters
  11 ghouls
  2 draconian annihilators
  3 spriggan defenders
  13 ironheart preservers
  30 stone giants
  7 green draconians
  7 deep elf demonologists (Elf:3)
  A reaper (Crypt:3)
  2 grey draconians (Depths:5)
  An ophan (Abyss:3)
  24 very ugly things
  5 vampire knights
  4 war gargoyles
  9 deep elf annihilators
  2 lorocyprocas (Depths:5)
  2 salamander stormcallers
  10 purple draconians
  4 starcursed masses
  2 draconian callers
  6 white draconians
  Azrael (D:15)
  10 black draconians
  9 yellow draconians
  13 mottled draconians
  7 red draconians
  15 ettins
  11 eidola
  Snorg (Lair:7)
  4 merfolk javelineers
  6 deep elf death magi
  3 blizzard demons
  A mummy priest (Crypt:3)
  A green death (Depths:4)
  10 jiangshi
  12 merfolk impalers
  Josephine (Lair:8)
  30 vault guards
  4 deep elf high priests
  8 great orbs of eyes
  13 hydras
  5 death cobs
  16 yaktaur captains
  29 fire dragons
  9 entropy weavers
  Fannar (Lair:1)
  6 rakshasas
  Harold (Lair:2)
  22 naga warriors
  The ghost of comborobin the Basher, a powerful DsCK of Xom (D:11)
  A ghost crab (shapeshifter) (Vaults:5)
  9 spriggan air magi
  4 death knights (Crypt:3)
  23 anacondas
  3 catoblepae
  5 merfolk avatars
  2 alligators (Shoals:2)
  5 merfolk aquamancers
  20 ice dragons
  An alligator snapping turtle (Shoals:4)
  Erolcha (Orc:2)
  17 dancing weapons
  15 ogre magi
  9 centaur warriors
  A caustic shrike simulacrum (Depths:2)
  3 satyrs
  2 tengu warriors
  19 death yaks
  11 deep troll earth magi
  5 spriggan berserkers
  9 deep troll shamans
  An orc high priest (Elf:2)
  Urug (Lair:4)
  The ghost of comborobin the Carver, an experienced DsCK of Xom (D:11)
  A titan zombie (Crypt:1)
  3 soul eaters
  A thrashing horror (Abyss:1)
  8 naga sharpshooters
  6 vampire magi
  9 shock serpents
  3 sun demons
  A storm dragon zombie (Vaults:3)
  2 iron trolls
  10 hell knights
  A fire crab (Vaults:5)
  2 wretched stars (Abyss:3)
  40 skeletal warriors
  19 deep elf knights
  2 salamander mystics (Snake:4)
  A spatial maelstrom (Abyss:3)
  40 deep trolls
  5 giant orange brains
  An ice devil (Depths:4)
  10 sea snakes
  An anaconda zombie (Crypt:3)
  3 swamp dragons (Depths:5)
  A golden dragon zombie (Crypt:3)
  9 flayed ghosts
  21 phantasmal warriors
  11 deep elf summoners
  3 shadow wraiths
  3 unseen horrors
  2 ice statues (IceCv)
  11 naga ritualists
  A shadow dragon zombie (Crypt:1)
  An anaconda skeleton (Crypt:1)
  13 ironbrand convokers
  Pikel (D:5)
  12 hill giants
  2 lindwurms
  3 hornets
  14 mana vipers
  A torturous demonspawn (D:11)
  5 water nymphs
  12 necromancers
  An orb spider (shapeshifter) (D:13)
  A statue (Volcano)
  A frost giant zombie (Depths:2)
  5 wizards
  14 deep elf conjurers
  9 wolf spiders
  A golden dragon skeleton (Crypt:1)
  13 manticores
  2 wolf spider zombies
  An iron dragon zombie (Crypt:3)
  13 fauns
  A mana viper (shapeshifter) (Vaults:2)
  3 stone giant zombies (Crypt:3)
  22 griffons
  24 orc knights
  30 slime creatures
  13 harpies
  2 fire giant zombies
  17 salamanders
  17 cyclopes
  58 ugly things
  5 orc sorcerers
  2 human skeletons
  20 moths of wrath
  9 sirens
  2 frost giant skeletons (Depths:1)
  A shining eye (shapeshifter) (Vaults:5)
  A toenail golem (Volcano)
  55 black mambas
  3 sixfirhies
  2 smoke demons (Abyss:3)
  2 stone giant skeletons
  27 elephants
  29 naga magi
  Joseph (D:9)
  11 vault sentinels
  A dire elephant zombie (Crypt:3)
  A storm dragon simulacrum (Vaults:2)
  An orc zombie (Vaults:3)
  An eye of devastation (shapeshifter) (Depths:1)
  Psyche (D:9)
  2 torpor snails (Lair:8)
  An orange crystal statue (Depths:1)
  2 orange demons
  13 guardian serpents
  A catoblepas zombie (Crypt:3)
  A yaktaur zombie (Vaults:3)
  11 spiny frogs
  A yaktaur (shapeshifter) (D:15)
  An efreet (D:13)
  A fire drake (shapeshifter) (Vaults:4)
  A komodo dragon (shapeshifter) (Depths:4)
  24 deep elf priests
  5 kobold demonologists
  19 komodo dragons
  63 yaktaurs
  A guardian mummy (Crypt:3)
  A purple draconian skeleton (Crypt:2)
  An ancient zyme (Abyss:3)
  A catoblepas skeleton (Crypt:2)
  16 freezing wraiths
  4 hellwings
  2 hydra zombies (Crypt:3)
  5 fire drakes
  4 tengu conjurers
  A queen bee (Depths:2)
  4 red devils
  4 jumping spiders
  9 polar bears
  29 two-headed ogres
  A giant leech (Lair:8)
  13 trolls
  2 jumping spiders (shapeshifter)
  23 merfolk
  2 queen bees (shapeshifter)
  2 wind drakes
  10 snapping turtles
  Prince Ribbit (D:8)
  2 deep troll zombies
  An ice dragon zombie (Crypt:3)
  2 harpy zombies (D:15)
  2 bog bodies (Crypt:3)
  A hornet zombie (D:15)
  An ushabti (Crypt:3)
  A blink frog (shapeshifter) (Vaults:4)
  An alligator zombie (Crypt:3)
  5 raiju
  4 boulder beetles
  2 fire giant simulacra
  2 fire dragon zombies (Crypt:3)
  2 frost giant simulacra
  2 large abominations
  32 blink frogs
  An iron dragon simulacrum (Crypt:1)
  12 air elementals
  Sigmund (D:2)
  7 small abominations
  3 tarantellas
  18 water elementals
  53 deep elf fighters
  A shadow (Crypt:3)
  7 flying skulls
  23 redbacks
  A tarantella (shapeshifter) (Elf:2)
  49 yaks
  3 vampires
  A human (shapeshifter) (Vaults:2)
  33 deep elf magi
  3 spriggans
  A ynoxinul (Abyss:3)
  A golden eye (D:10)
  14 wraiths
  10 basilisks
  9 wyverns
  A human (D:8)
  4 fire elementals
  Grum (D:9)
  29 wolves
  15 vampire mosquitoes
  3 hungry ghosts
  A neqoxec (Depths:5)
  82 nagas
  19 hippogriffs
  A water moccasin (shapeshifter) (Vaults:5)
  2 yaktaur simulacra
  43 orc warriors
  7 hell hounds
  2 spatial vortices (Abyss:3)
  A naga (shapeshifter) (Depths:1)
  A spiny frog zombie (Crypt:3)
  A torturous demonspawn zombie (Crypt:2)
  14 wargs
  3 slaves (D:5)
  2 spiders (Crypt:3)
  20 water moccasins
  16 porcupines
  A porcupine (shapeshifter) (Vaults:5)
  An elephant zombie (Crypt:2)
  A swamp drake (shapeshifter) (Depths:2)
  A faun skeleton (Crypt:1)
  6 sky beasts
  13 ice beasts
  A black bear (shapeshifter) (Vaults:2)
  13 black bears
  A gelid demonspawn skeleton (Crypt:2)
  A sky beast (shapeshifter) (D:15)
  2 wasps
  An eye of draining (shapeshifter) (Vaults:2)
  7 boggarts
  A manticore zombie (Crypt:1)
  56 ogres
  A spriggan simulacrum (Depths:2)
  A boggart (shapeshifter) (Depths:3)
  13 necrophages (Crypt:3)
  20 centaurs
  15 crocodiles
  5 big kobolds
  A brain worm (shapeshifter) (Vaults:5)
  A human zombie (Vaults:4)
  A draconian zombie (Crypt:1)
  A fire crab zombie (Crypt:1)
  32 giant frogs
  A komodo dragon skeleton (Crypt:1)
  A wyvern zombie (D:12)
  2 earth elementals (Elf:2)
  9 wyvern skeletons (Crypt:3)
  A killer bee (shapeshifter) (Vaults:3)
  A vampire bat (D:5)
  2 scorpions
  3 quasits
  33 killer bees
  An electric eel (Lair:8)
  10 crimson imps
  A giant frog zombie (D:12)
  A lava snake (Volcano)
  15 wights
  35 orc priests
  13 hounds
  6 jellies
  3 centaur zombies
  Crazy Yiuf (D:5)
  15 iguanas
  35 orc wizards
  A wyvern simulacrum (D:14)
  4 centaur skeletons
  2 giant frog skeletons
  A two-headed ogre skeleton (Crypt:2)
  7 worker ants
  47 sheep
  2 hound skeletons
  A mummy (Crypt:3)
  2 worker ant zombies
  6 gnolls
  17 adders
  94 river rats
  4 shadow imps
  2 white imps
  2 oozes (D:3)
  4 worms
  9 fire bats
  5 giant geckos
  217 orcs
  2 spectral bats (D:5)
  4 ball pythons
  22 bats
  4 bat skeletons
  2 bat zombies
  5 giant cockroaches
  A goblin (shapeshifter) (Depths:4)
  21 hobgoblins
  42 kobolds
  A bat simulacrum (D:5)
  2 giant gecko skeletons (D:4)
  4 giant newts
  A giant newt zombie (Crypt:1)
  20 goblins
  A hobgoblin skeleton (Crypt:2)
  26 jackals
  4 quokkas
  A quokka skeleton (D:6)
  11 rats
  A rat skeleton (Crypt:2)
  A spectral orc (D:6)
  2 crawling corpses (Elf:2)
  2 lost souls
  12 plants
  14 tentacles
3452 creatures vanquished.

Vanquished Creatures (collateral kills)
  Rupert (Orc:2)
  A komodo dragon (Lair:8)
  2 hippogriffs
  A deep elf mage (Bailey)
  2 ogres (D:7)
  2 black bears
  A scorpion (D:10)
  A wight (D:7)
  3 killer bees (D:7)
  4 hounds
  2 crimson imps
  A jelly (D:7)
  A giant frog skeleton (D:4)
  An iguana (D:5)
  A worker ant (D:6)
  2 sheep (Lair:4)
  2 river rats (Lair:4)
  5 adders
  2 worms
  7 orcs
  A bat (D:6)
  A giant cockroach (D:6)
  2 goblins
  A hobgoblin (D:1)
  4 jackals
  A ball python (Sewer)
  A giant newt (Sewer)
  A kobold (Sewer)
  A plant (Sewer)
55 creatures vanquished.

Vanquished Creatures (others)
  An eldritch tentacle (Depths:1)
  A draconian scorcher (Zot:3)
  A deep elf demonologist (Elf:3)
  A deep elf death mage (Elf:3)
  A merfolk (Shoals:1)
  A deep elf mage (Elf:3)
  A giant frog (shapeshifter) (Vaults:5)
  A sheep (Lair:7)
  A giant cockroach (D:5)
  75 eldritch tentacle segments (Depths:1)
  28 fungi
  5 lost souls
  A lurking horror (Abyss:3)
  135 plants
  2 starspawn tentacles (Abyss:3)
  45 tentacles
  2338 tentacle segments
2638 creatures vanquished.

Grand Total: 6145 creatures vanquished

Notes
Turn   | Place    | Note
--------------------------------------------------------------
     0 | D:1      | vogonpoet the Octopode Wizard began the quest for the Orb.
     0 | D:1      | Reached XP level 1. HP: 11/11 MP: 4/4
   289 | D:1      | Found a shattered altar of Ashenzari.
   716 | D:1      | Became a worshipper of Ashenzari the Shackled
   768 | D:1      | Reached XP level 2. HP: 15/17 MP: 6/6
   775 | D:1      | Learned a level 2 spell: Blink
   778 | D:1      | Learned a level 2 spell: Call Imp
  1264 | D:2      | Reached XP level 3. HP: 21/21 MP: 7/7
  1272 | D:2      | Learned a level 3 spell: Mephitic Cloud
  1412 | D:2      | Found a sacrificial altar of Ru.
  1412 | D:2      | Found a blossoming altar of Fedhas.
  1499 | D:2      | Noticed Sigmund
  1971 | D:3      | Reached skill level 1 in Air Magic
  1978 | D:3      | Found a radiant altar of Vehumet.
  2302 | D:3      | Reached XP level 4. HP: 21/27 MP: 8/8
  2417 | D:3      | Found a deep blue altar of Sif Muna.
  2814 | D:4      | Noticed a black bear
  2834 | D:4      | Killed a black bear
  2834 | D:4      | Reached skill level 1 in Poison Magic
  2834 | D:4      | Reached XP level 5. HP: 31/31 MP: 3/10
  2839 | D:4      | Learned a level 3 spell: Conjure Flame
  2983 | D:4      | Reached skill level 4 in Spellcasting
  3001 | D:4      | Noticed an ogre
  3012 | D:4      | Killed an ogre
  3012 | D:4      | Reached XP level 6. HP: 36/36 MP: 6/12
  3069 | D:4      | Found a staircase to the Ecumenical Temple.
  3105 | Temple   | Entered the Ecumenical Temple
  3490 | D:4      | Noticed an ogre
  3506 | D:4      | Killed an ogre
  3668 | D:4      | Gained mutation: Your spells are a little harder to cast, but a little more powerful. [potion of beneficial mutation]
  3735 | D:4      | Reached skill level 5 in Conjurations
  4123 | D:4      | Found a burning altar of Makhleb.
  4123 | D:4      | Found a shimmering altar of Xom.
  4139 | D:4      | Reached XP level 7. HP: 38/41 MP: 3/13
  4499 | D:4      | Reached skill level 6 in Conjurations
  4755 | D:4      | Found a stormy altar of Qazlal.
  4879 | D:2      | Killed Sigmund
  4997 | D:2      | Found a faded altar to an unknown god.
  5240 | D:2      | Learned a level 2 spell: Repel Missiles
  5555 | D:5      | Entered Level 5 of the Dungeon
  5619 | D:5      | Reached XP level 8. HP: 29/46 MP: 8/14
  5942 | D:5      | Reached skill level 7 in Conjurations
  6343 | D:5      | Noticed Pikel
  6594 | D:5      | Killed Pikel
  6594 | D:5      | Reached skill level 9 in Conjurations
  6759 | D:5      | Found Plog's Book Shop.
  6871 | D:5      | Acquired Ashenzari's second power
  6878 | D:5      | Reached XP level 9. HP: 49/51 MP: 7/15
  6903 | D:5      | Found Giyz's Gadget Emporium.
  6934 | D:5      | Found Xocsuak's Assorted Antiques.
  6938 | D:5      | Bought a bone wand for 112 gold pieces
  7146 | D:5      | Noticed Crazy Yiuf
  7155 | D:5      | Killed Crazy Yiuf
  7247 | D:6      | Found a glowing drain.
  7306 | Sewer    | Entered a sewer
  7416 | Sewer    | Reached skill level 5 in Dodging
  8495 | D:6      | Found a basalt altar of Yredelemnul.
  8884 | D:6      | Reached skill level 1 in Short Blades
  9016 | D:6      | Acquired Ashenzari's third power
  9232 | D:6      | Reached skill level 1 in Charms
  9453 | D:6      | Found an iron altar of Okawaru.
  9578 | D:7      | Found a flagged portal.
  9746 | Bailey   | Entered a bailey
  9952 | Bailey   | Reached XP level 10. HP: 47/56 MP: 6/16
  9961 | Bailey   | Reached skill level 5 in Stealth
 10063 | Bailey   | Noticed a deep elf knight
 10071 | Bailey   | Noticed a deep elf priest
 10084 | Bailey   | Killed a deep elf priest
 10342 | Bailey   | Killed a deep elf knight
 10342 | Bailey   | Reached skill level 5 in Short Blades
 10371 | Bailey   | Identified Lehudib's Handbook of Conjuration
 10823 | D:7      | Acquired Ashenzari's fourth power
 10836 | D:7      | Found a bloodstained altar of Trog.
 11249 | D:7      | Found a glowing golden altar of the Shining One.
 11335 | D:7      | Found a basalt altar of Yredelemnul.
 11335 | D:7      | Noticed an oklob plant
 11370 | D:7      | Reached skill level 5 in Spellcasting
 11379 | D:7      | Learned a level 5 spell: Iskenderun's Battlesphere
 12034 | D:8      | Acquired Ashenzari's fifth power
 13142 | D:5      | Bought a scroll of remove curse for 84 gold pieces
 13142 | D:5      | Bought a scroll of remove curse for 84 gold pieces
 13264 | D:9      | Found an opulent altar of Gozag.
 13264 | D:9      | Noticed Joseph
 13266 | D:9      | Found Qutet's Assorted Antiques.
 13275 | D:9      | Noticed Prince Ribbit
 13276 | D:9      | Killed Joseph
 13287 | D:8      | Killed Prince Ribbit
 13298 | D:9      | Noticed Psyche
 13302 | D:9      | Killed Psyche
 13302 | D:9      | Reached skill level 5 in Charms
 13302 | D:9      | Reached XP level 11. HP: 54/61 MP: 12/18
 13339 | D:9      | Noticed Grum
 13389 | D:9      | Killed Grum
 13508 | D:9      | Found a staircase to the Lair.
 13526 | D:9      | Found a blossoming altar of Fedhas.
 13598 | D:9      | Identified the +9 flail of the Mosquito {pain, *Noise +Rage Dex+5}
 13873 | D:10     | Entered Level 10 of the Dungeon
 13873 | D:10     | Noticed a hill giant
 13881 | D:10     | Killed a hill giant
 13946 | D:10     | Found Opnuveug's Gadget Boutique.
 13949 | D:10     | Found a shattered altar of Ashenzari.
 14118 | D:10     | Noticed a hill giant
 14120 | D:10     | Reached skill level 10 in Conjurations
 14439 | D:10     | Found Cukosu's Distillery.
 14444 | D:10     | Bought a potion of heal wounds for 80 gold pieces
 14444 | D:10     | Bought a potion of heal wounds for 80 gold pieces
 14444 | D:10     | Bought a potion of invisibility for 128 gold pieces
 14501 | D:10     | Killed a hill giant
 14967 | D:10     | Reached skill level 1 in Fighting
 15087 | D:10     | Found Dublaxep's Book Shoppe.
 15362 | D:11     | Noticed comborobin's ghost (powerful DsCK)
 15395 | D:11     | Killed comborobin's ghost
 15850 | D:11     | Reached XP level 12. HP: 72/74 MP: 11/21
 16008 | D:11     | Identified a scroll of acquirement
 16200 | D:11     | Noticed comborobin's ghost (experienced DsCK)
 16211 | D:11     | Killed comborobin's ghost
 16487 | D:11     | Noticed a hill giant
 16494 | D:11     | Killed a hill giant
 16509 | D:11     | Identified the +7 long sword "Killer Bee's Death" {slice, rF+ Int+2}
 16929 | Lair:1   | Entered Level 1 of the Lair of Beasts
 17244 | Lair:1   | Noticed a five-headed hydra
 17245 | Lair:1   | Killed a five-headed hydra
 17245 | Lair:1   | Reached skill level 5 in Fighting
 17261 | Lair:1   | Noticed Fannar
 17267 | Lair:1   | Killed Fannar
 17352 | Lair:1   | Identified the ring "Cuafy" {+Blink rF+ rN+ Slay+2}
 17801 | Lair:1   | Noticed a four-headed hydra
 17807 | Lair:1   | Killed a four-headed hydra
 18227 | Lair:2   | Noticed Harold
 18242 | Lair:2   | Killed Harold
 18768 | Lair:1   | Reached XP level 13. HP: 66/88 MP: 26/26
 19402 | Lair:3   | Found a dark tunnel.
 19409 | Volcano  | Entered a volcano
 19738 | Volcano  | Found a burning altar of Makhleb.
 19744 | Volcano  | Reached skill level 10 in Fighting
 20990 | Lair:4   | Reached skill level 11 in Fighting
 21000 | Lair:4   | Identified Wuorch's Reference Book on Attacks and Clay
 21007 | Lair:4   | Learned a level 3 spell: Passwall
 21418 | Lair:4   | Noticed Urug
 21423 | Lair:4   | Killed Urug
 21970 | Lair:2   | Learned a level 3 spell: Regeneration
 22314 | Lair:5   | Found a staircase to the Snake Pit.
 22382 | Lair:5   | Reached skill level 5 in Translocations
 22582 | Lair:5   | Reached XP level 14. HP: 101/101 MP: 24/27
 22730 | Lair:5   | Found a staircase to the Shoals.
 22942 | Lair:5   | Reached skill level 1 in Necromancy
 23367 | D:10     | Bought a book of Maledictions for 400 gold pieces
 23376 | D:10     | Learned a level 2 spell: Ensorcelled Hibernation
 23536 | Lair:6   | Reached skill level 1 in Hexes
 23536 | Lair:6   | Reached skill level 1 in Ice Magic
 23919 | Lair:6   | Reached skill level 1 in Fire Magic
 24325 | Lair:6   | Reached skill level 1 in Transmutations
 24962 | Lair:7   | Noticed Snorg
 24962 | Lair:7   | Killed Snorg
 25622 | Lair:6   | Reached skill level 12 in Fighting
 26172 | Lair:7   | Reached skill level 10 in Dodging
 27096 | Lair:8   | Entered Level 8 of the Lair of Beasts
 27230 | Lair:8   | Reached XP level 15. HP: 108/108 MP: 28/28
 27386 | Lair:8   | Found a viscous altar of Jiyva.
 27387 | Lair:8   | Found a staircase to the Slime Pits.
 28708 | Lair:8   | Noticed Josephine
 28807 | Lair:8   | Killed Josephine
 29741 | Lair:8   | Reached skill level 13 in Fighting
 30221 | Lair:8   | Identified the cursed +1 hat of Noon {rElec rF- rCorr Dex+2}
 30751 | Lair:8   | Reached skill level 1 in Evocations
 31056 | Lair:8   | Reached skill level 5 in Earth Magic
 32078 | Lair:2   | Learned a level 6 spell: Iron Shot
 32182 | D:10     | Noticed a hill giant
 32186 | D:10     | Killed a hill giant
 32303 | D:12     | Reached XP level 16. HP: 117/117 MP: 29/29
 32365 | D:12     | Identified the ring "Hoygiwn" {rN+ AC+2 Str+5}
 32689 | D:12     | Found a staircase to the Orcish Mines.
 33312 | Orc:1    | Entered Level 1 of the Orcish Mines
 33752 | Orc:2    | Noticed Erolcha
 34327 | Orc:2    | Found a roughly hewn altar of Beogh.
 34395 | Orc:2    | Killed Erolcha
 34544 | Orc:2    | Noticed Rupert
 34578 | Orc:2    | Killed Rupert
 35287 | Orc:3    | Found a staircase to the Elven Halls.
 35858 | Orc:4    | Entered Level 4 of the Orcish Mines
 36069 | Orc:4    | Found Ympeiff's Antique Armour Boutique.
 36552 | Orc:4    | Found Ylon Vim's Distillery.
 37034 | Orc:4    | Found Vadeb's Assorted Antiques.
 37043 | Orc:4    | Found Biduem's Antique Weapon Emporium.
 37048 | Orc:4    | Found Tonwab's Distillery.
 37077 | Orc:4    | Bought a potion of cancellation for 104 gold pieces
 37079 | Orc:4    | Bought a potion of lignification for 39 gold pieces
 37138 | Orc:4    | Bought a runed buckler for 85 gold pieces
 37138 | Orc:4    | Bought a scroll labeled ARPHAMM VUSO for 19 gold pieces
 37138 | Orc:4    | Bought an emerald potion for 17 gold pieces
 37148 | Orc:4    | Bought a potion of heal wounds for 75 gold pieces
 37153 | Orc:4    | Bought a steaming rapier for 297 gold pieces
 37153 | Orc:4    | Identified the +6 rapier "Asil" {distort, rPois rN+} (You bought it in a shop on level 4 of the Orcish Mines)
 37164 | Orc:4    | Bought a potion of ambrosia for 104 gold pieces
 38586 | D:14     | Found a frozen archway.
 38606 | IceCv    | Entered an ice cave
 39047 | D:14     | Found a gate to the Vaults.
 39682 | D:14     | Reached XP level 17. HP: 115/122 MP: 30/30
 39713 | D:14     | Reached skill level 10 in Spellcasting
 39921 | D:14     | Learned a level 3 spell: Ozocubu's Armour
 39923 | D:15     | Entered Level 15 of the Dungeon
 39952 | D:15     | Noticed Azrael
 40764 | D:15     | Killed Azrael
 40798 | D:15     | Found a staircase to the Depths.
 41876 | Depths:1 | Entered Level 1 of the Depths
 41923 | Depths:1 | Noticed a lich
 42258 | Snake:1  | Entered Level 1 of the Snake Pit
 42996 | Snake:1  | Found Nashramych's Book Shop.
 43777 | Snake:2  | Identified the +7 long sword of the Six Places {drain, rElec rPois MP+9 Dex-5}
 43821 | Snake:2  | Found Maextafe's Food Boutique.
 44018 | Snake:2  | Found Qeulyuq's General Store.
 44026 | Snake:2  | Bought 2 curare-tipped needles for 15 gold pieces
 44026 | Snake:2  | Bought a scroll of remove curse for 39 gold pieces
 44062 | Snake:2  | Found Zusayh's Assorted Antiques.
 44064 | Snake:2  | Found Qohoprir's Weapon Shoppe.
 45054 | Snake:3  | Identified the +3 quarterstaff of Frustration {crush, rC+}
 45966 | Snake:3  | Reached skill level 1 in Long Blades
 46032 | Snake:3  | HP: 4/123 [anaconda (3)]
 46133 | Shoals:1 | Entered Level 1 of the Shoals
 46133 | Shoals:1 | Noticed Nikola
 46818 | Shoals:1 | Killed Nikola
 46941 | Shoals:1 | Reached XP level 18. HP: 44/128 MP: 4/34
 47312 | Shoals:1 | Noticed Louise
 47327 | Shoals:1 | Killed Louise
 47367 | Shoals:1 | Reached skill level 10 in Short Blades
 50905 | Shoals:4 | Entered Level 4 of the Shoals
 51558 | Shoals:4 | Reached skill level 14 in Short Blades
 51580 | Shoals:4 | Noticed Ilsuiw
 51700 | Shoals:4 | Killed Ilsuiw
 52144 | Shoals:4 | Reached XP level 19. HP: 123/135 MP: 32/35
 53707 | Shoals:4 | Got a barnacled rune of Zot
 54163 | Vaults:1 | Entered Level 1 of the Vaults
 54179 | Vaults:1 | Reached skill level 15 in Fighting
 55094 | Vaults:1 | Found Xuaklij's Antique Armour Boutique.
 55521 | Vaults:1 | Reached skill level 16 in Fighting
 56616 | Vaults:2 | Found a flickering gateway to a bazaar.
 56645 | Bazaar   | Entered a bazaar
 56658 | Bazaar   | Found Kearraga's Gadget Emporium.
 56704 | Bazaar   | Found Ycva's Jewellery Boutique.
 56745 | Bazaar   | Found Laigamopsa's Book Emporium.
 56795 | Bazaar   | Found Atim's Jewellery Emporium.
 56805 | Bazaar   | Bought the ring "Reaplim" {rPois MP+9 Int+3} for 450 gold pieces
 56805 | Bazaar   | Bought the ring "Dykhliol" {rC+ AC+4} for 600 gold pieces
 56857 | Bazaar   | Bought the ring "Odall" {rPois rN+ MR+ Stlth-} for 399 gold pieces
 56887 | Bazaar   | Bought a book of Power for 855 gold pieces
 56953 | Bazaar   | Learned a level 4 spell: Iskenderun's Mystic Blast
 57660 | Vaults:2 | Noticed Saint Roka
 57899 | Vaults:2 | Killed Saint Roka
 58496 | Vaults:2 | Reached XP level 20. HP: 145/149 MP: 34/36
 58808 | Vaults:2 | Noticed Jory
 58855 | Vaults:2 | Killed Jory
 59377 | Vaults:2 | Found a portal to a secret trove of treasure.
 60656 | Vaults:2 | Learned a level 7 spell: Orb of Destruction
 60858 | Vaults:3 | Found a staircase to the Crypt.
 60858 | Vaults:3 | Found a basalt altar of Yredelemnul.
 60859 | Vaults:3 | Found an ancient bone altar of Kikubaaqudgha.
 60903 | Crypt:1  | Entered Level 1 of the Crypt
 61349 | Crypt:1  | Reached skill level 15 in Conjurations
 61396 | Crypt:1  | Found an ancient bone altar of Kikubaaqudgha.
 61451 | Crypt:1  | Identified the ring "Zipi Byckio" {rElec rF++ MR+ Str+3}
 61782 | Depths:1 | Killed a lich
 64717 | Crypt:2  | Reached XP level 21. HP: 154/154 MP: 28/38
 64734 | Crypt:2  | Reached skill level 17 in Conjurations
 65350 | Crypt:3  | Entered Level 3 of the Crypt
 67657 | Crypt:3  | Reached skill level 15 in Dodging
 68529 | Crypt:3  | Found a basalt altar of Yredelemnul.
 69401 | Crypt:3  | Identified Asiov's Grimoire of Creative Displacement
 69413 | Crypt:3  | Identified the Almanac of Black Secrets
 70118 | Crypt:3  | Identified the ring "Fuvuerch" {rPois rC+ Str+4} (You took it off an ushabti on level 3 of the Crypt)
 70130 | Crypt:3  | Found a staircase to the Tomb.
 70381 | Crypt:3  | Identified the amulet of Xom's Bemusement {rMut *Corrode rPois rF+ Slay+3}
 70429 | Crypt:3  | Reached XP level 22. HP: 161/161 MP: 39/39
 71186 | Depths:1 | Cast into the Abyss (the power of Zot)
 71236 | Depths:1 | Escaped the Abyss
 71254 | Depths:1 | Noticed Margery
 71883 | Snake:3  | Found Topaul's Weapon Boutique.
 73239 | Snake:4  | Entered Level 4 of the Snake Pit
 73309 | Snake:4  | Reached skill level 10 in Translocations
 73727 | Snake:4  | Found a white marble altar of Elyvilon.
 74023 | Snake:4  | Noticed Donald
 74030 | Snake:4  | Killed Donald
 77582 | Snake:4  | Reached XP level 23. HP: 166/166 MP: 34/41
 78571 | Snake:4  | Got a serpentine rune of Zot
 78748 | Snake:4  | Reached skill level 15 in Spellcasting
 78768 | Snake:4  | Learned a level 7 spell: Controlled Blink
 80384 | Depths:1 | Found a gateway to Hell.
 80555 | Depths:1 | Killed Margery
 81363 | Depths:1 | Found a one-way gate to the infinite horrors of the Abyss.
 81493 | Depths:1 | Identified the ring of Immorality {rElec rN+ MP-9 Stlth+} (You took it off a vampire knight on level 1 of the Depths)
 81893 | D:15     | Learned a level 6 spell: Haste
 82651 | Depths:2 | Found a runed door.
 83285 | Depths:2 | Reached skill level 10 in Charms
 83293 | Depths:2 | Reached XP level 24. HP: 173/173 MP: 30/42
 83294 | Depths:2 | Upgraded the game from 0.17-a0-1528-gfee3901 to 0.17-a0-1534-gf98da79
 83375 | Depths:2 | Reached skill level 5 in Ice Magic
 86113 | Depths:2 | Identified the ring "Pogridae" {rF++ AC+2 Int+3} (You took it off an ogre mage on level 2 of the Depths)
 87670 | D:15     | Learned a level 6 spell: Poisonous Cloud
 88421 | Depths:3 | Found a one-way gate leading to the halls of Pandemonium.
 88612 | Depths:3 | Reached XP level 25. HP: 179/179 MP: 44/44
 88698 | Depths:3 | Reached skill level 5 in Shields
 90376 | Vaults:4 | Reached skill level 5 in Air Magic
 92136 | Depths:4 | Found a gateway to a ziggurat.
 93152 | Depths:4 | Reached skill level 18 in Conjurations
 93639 | Depths:4 | Got the cursed dagger "Eviscerator" {pierce, rC++ Int+3 Dex-3}
 93945 | Depths:4 | Found Kassoyk's Armour Shop.
 93963 | Depths:4 | Reached XP level 26. HP: 187/187 MP: 44/44
 94327 | Depths:5 | Entered Level 5 of the Depths
 94377 | Depths:5 | Reached skill level 10 in Stealth
 95932 | Depths:5 | Reached skill level 5 in Evocations
 95946 | Depths:5 | Found a gate to the Realm of Zot.
 96796 | D:10     | Bought the Catalogue of Mutagenic Earth for 932 gold pieces
 96974 | D:15     | Learned a level 3 spell: Ignite Poison
 97214 | Elf:1    | Entered Level 1 of the Elven Halls
 97711 | Elf:1    | Found Gulonum's Weapon Shoppe.
 98627 | Elf:2    | Identified the Tome of Harmful Earth (You found it on level 2 of the Elven Halls)
 98748 | Elf:2    | Reached skill level 10 in Evocations
 98968 | Elf:2    | Found a deep blue altar of Sif Muna.
 99258 | Elf:2    | Found a huge runed gate.
 99258 | Elf:2    | Found a huge runed gate.
 99261 | Elf:2    | Found a huge runed gate.
 99261 | Elf:2    | Found a huge runed gate.
 99263 | Elf:2    | Found a huge runed gate.
 99325 | Elf:2    | Reached XP level 27. HP: 193/193 MP: 32/44
 99942 | Elf:3    | Entered Level 3 of the Elven Halls
 99973 | Elf:3    | Noticed Roxanne
 99978 | Elf:3    | Killed Roxanne
 99983 | Elf:3    | Identified Roxanne's Almanac of Changing (You took it off Roxanne on level 3 of the Elven Halls)
100082 | Elf:3    | Found a flickering gateway to a bazaar.
100098 | Bazaar   | Entered a bazaar
100113 | Bazaar   | Found Kujedaxa's General Store.
100129 | Bazaar   | Found Uschac's Assorted Antiques.
100129 | Bazaar   | Found Toeraets's Assorted Antiques.
100150 | Bazaar   | Found Nasmeidd's Magic Scroll Emporium.
100150 | Bazaar   | Found Gutog's Weapon Shoppe.
100217 | Bazaar   | Bought a scroll of remove curse for 33 gold pieces
100217 | Bazaar   | Bought a scroll of remove curse for 33 gold pieces
100217 | Bazaar   | Bought a scroll of remove curse for 33 gold pieces
100217 | Bazaar   | Bought a scroll of recharging for 104 gold pieces
100217 | Bazaar   | Bought a scroll of recharging for 104 gold pieces
100217 | Bazaar   | Bought a scroll of remove curse for 33 gold pieces
100217 | Bazaar   | Bought a scroll of fear for 38 gold pieces
100239 | Bazaar   | Bought a scroll of fog for 74 gold pieces
100239 | Bazaar   | Bought a potion of magic for 296 gold pieces
100251 | Bazaar   | Bought a scroll of recharging for 351 gold pieces
100266 | Bazaar   | Bought a scroll of fog for 32 gold pieces
100266 | Bazaar   | Bought a potion of brilliance for 64 gold pieces
100266 | Bazaar   | Bought a scroll of recharging for 152 gold pieces
100266 | Bazaar   | Bought a scroll of holy word for 120 gold pieces
101264 | Elf:3    | Reached skill level 10 in Shields
101399 | Elf:3    | Identified the ring "Otidy" {+Inv rF++ rC+ MP+9 Str-3} (You took it off a deep elf blademaster on level 3 of the Elven Halls)
101428 | Elf:3    | Got the uncursed chain mail "Ysurrom" {rPois MR- Dex+2}
101572 | Elf:3    | Identified the ring "Loyduam" {rPois Str+4 SInv} (You took it off a deep elf annihilator on level 3 of the Elven Halls)
101660 | Elf:3    | Identified the Handbook of Sinister Conjuration
101672 | Elf:3    | Identified the Collected Works on Evil Secrets
101694 | Elf:3    | Got the arbalest of Annihilation {venom, Int+3 Dex+6}
101917 | Elf:3    | Identified the Tome of the Escort and Sinister Rites (You found it on level 3 of the Elven Halls)
102644 | Orc:3    | Upgraded the game from 0.17-a0-1534-gf98da79 to 0.17-a0-1562-g9b2c768
103392 | Vaults:2 | You paid a toll of 2 scrolls of acquirement to enter a treasure trove
103393 | Trove    | Entered a treasure trove
103397 | Trove    | Identified the cursed ring of Sif Muna's Indignation {-Tele +Fly MR- MP+9 Str+2}
103397 | Trove    | Identified the ring of the Saviour {*Confuse rF++ Dex-2 SInv Stlth-}
103600 | D:15     | Learned a level 1 spell: Apportation
103786 | Vaults:5 | Entered Level 5 of the Vaults
104791 | Vaults:5 | Noticed an ancient lich
104795 | Vaults:5 | Reached skill level 19 in Fighting
105025 | Vaults:5 | Killed an ancient lich
105585 | Vaults:4 | Reached skill level 20 in Fighting
106185 | Vaults:5 | Noticed Frederick
106203 | Vaults:5 | Killed Frederick
106396 | Vaults:5 | Got a silver rune of Zot
106639 | Vaults:5 | Reached skill level 21 in Fighting
108124 | Depths:1 | Voluntarily entered the Abyss.
108124 | Abyss:1  | Found a corrupted altar of Lugonu.
108585 | Depths:1 | Escaped the Abyss
108737 | Depths:1 | Voluntarily entered the Abyss.
108771 | Abyss:2  | Found a corrupted altar of Lugonu.
108827 | Abyss:3  | Reached skill level 22 in Fighting
108907 | Abyss:3  | Found a corrupted altar of Lugonu.
108954 | Abyss:3  | Found a runed door.
108954 | Abyss:3  | Found a runed door.
109250 | Abyss:3  | Got an abyssal rune of Zot
109386 | Depths:1 | Escaped the Abyss
109526 | Zot:1    | Entered Level 1 of the Realm of Zot
113996 | Zot:5    | Entered Level 5 of the Realm of Zot
114491 | Zot:5    | Noticed an orb of fire
114514 | Zot:5    | Killed an orb of fire
114782 | Zot:5    | Reached skill level 23 in Dodging
114945 | Zot:5    | Noticed an ancient lich
114949 | Zot:5    | Killed an ancient lich
115033 | Zot:5    | Noticed an ancient lich
115153 | Zot:5    | Killed an ancient lich
115174 | Zot:5    | Noticed an ancient lich
115178 | Zot:5    | Killed an ancient lich
115193 | Zot:5    | Noticed an ancient lich
115201 | Zot:5    | Killed an ancient lich
115201 | Zot:5    | Reached skill level 24 in Dodging
115386 | Zot:5    | Noticed an ancient lich
115397 | Zot:5    | Noticed an orb of fire
115408 | Zot:5    | Killed an ancient lich
115549 | Zot:5    | Killed an orb of fire
115679 | Zot:5    | Noticed an orb of fire
115685 | Zot:5    | Killed an orb of fire
115746 | Zot:5    | Noticed an ancient lich
115831 | Zot:5    | Killed an ancient lich
115831 | Zot:5    | Reached skill level 25 in Dodging
115848 | Zot:5    | Noticed an orb of fire
115851 | Zot:5    | Killed an orb of fire
116302 | Zot:5    | Reached skill level 26 in Dodging
116344 | Zot:5    | Noticed an orb of fire
116347 | Zot:5    | Killed an orb of fire
117630 | Zot:5    | Got the Orb of Zot
117869 | Depths:5 | Noticed Cagu the pandemonium lord
117874 | Depths:5 | Killed Cagu the pandemonium lord
118168 | D:11     | Noticed Ytored the pandemonium lord
118180 | D:11     | Killed Ytored the pandemonium lord
118508 | D:$      | Escaped with the Orb!

Vault maps used:
D:1:      lightli_arrival_isolated_outpost, nicolae_ashenzari_panopticon
D:2:      gammafunk_temple_overflow_wave, ecumenical_altar_2, minmay_hedge_maze,
          uniq_sigmund
D:3:      old_standard_altar, led_sif_pool
D:4:      grunt_temple_overflow_champion_of_chaos,
          lemuel_coloured_pillars_altar, temple_statues, first_bread
D:5:      serial_shops, kennysheep_little_box, shop, shop, goddamned_bats,
          uniq_crazy_yiuf_cottage, uniq_pikel
D:6:      kennysheep_mini_moat, yredelemnul_forgotten_temple_becter,
          gup_sewer_entry_glass, serial_bayou, serial_bayou_pond_b,
          serial_bayou_shore_b, serial_bayou_pond_e, serial_bayou_crossing
D:7:      bloody_trog, tso_metal_star, enter_bailey_2, lemuel_oklob_altar
D:8:      grunt_livestock
D:9:      nicolae_gozag_cash_rules_everything_around_me, lair_0_dummy,
          serial_shops, shop, fedhas_altar_3, uniq_psyche, uniq_prince_ribbit1,
          uniq_joseph, uniq_grum
D:10:     basic_altar, serial_shops, shop, shop, shop, nicolae_wwwww,
          grunt_ministairs_8, hangedman_decor_clover_reticule
D:12:     david_orc_4, roderic_ancient_swastika
D:13:     dragon1_lemuel
D:14:     david_vaults_1, portal_ice_cave_entry_horrid_things,
          nrook_pool_corridor, minivault_20
D:15:     grunt_enter_depths_hoard, corexii_leaking_fountain, uniq_azrael
Temple:   temple_island_7
Lair:1:   serial_bayou_pond_e, st_stairs_6, infiniplex_staircase_pool_2,
          uniq_fannar
Lair:2:   beast_lair_carwin_large_1, uniq_harold
Lair:3:   nicolae_volcano_entry_hallway, grunt_megastairs_3
Lair:4:   grunt_forest_large_clearing_hut, uniq_urug
Lair:5:   elwin_shoals_entry_rocks, minmay_snake_entry_spellcaster
Lair:6:   eino_small_chamber_without_monster, beast_lair_carwin_11
Lair:7:   uniq_snorg
Lair:8:   hangedman_lair_caniforms_friends, hangedman_lair_in_review,
          dpeg_slime_entry_enclosed_altar, bh_autumn_forest_stairs,
          serial_bayou_shore_a, uniq_josephine
Shoals:1: nicolae_shoals_island_circles, uniq_nikola, uniq_louise
Shoals:2: nicolae_shoals_siren_and_animal_friends
Shoals:4: shoals_end_hangedman, shoal_ilsuiw
Snake:1:  serial_shops, shop, serial_bayou_shore_b
Snake:2:  serial_shops, nicolae_shop_statue_plus,
          nicolae_shop_overgrown_old_shop, shop, shop_statue
Snake:3:  serial_shops, shop, grunt_ministairs_4, spider_trap
Snake:4:  grunt_snake_rune_serpentine_throne, basic_altar,
          hangedman_snake_corridor_split, uniq_donald
Orc:2:    mines1_david, uniq_erolcha, uniq_rupert
Orc:3:    nicolae_orc_pool_cavern
Orc:4:    st_orc_open, serial_shops, nicolae_shop_statue_plus
Elf:1:    eino_elf_arrival_shootout, serial_shops, shop,
          kennysheep_underground_church
Elf:2:    special_room, basic_altar, hangedman_elven_pyramids,
          hangedman_research_geology
Elf:3:    grunt_elf_hall_spiral, serial_shops, freezing_bzr,
          basic_stair_grate_trap, uniq_roxanne
Vaults:1: ontoclasm_vaults_spin, hangedman_vaults_nails,
          nicolae_vaults_circle_grid_b, grunt_vaults_diagonal,
          ontoclasm_vaults_tryst, nicolae_vaults_alarming,
          hangedman_vaults_stagger, nicolae_vaults_border_crossing,
          serial_shops, nicolae_shop_crystal
Vaults:2: grunt_vaults_twisty, v_misc_10, ontoclasm_vaults_fault,
          hangedman_vaults_maws, vaults_mumra_hex,
          ontoclasm_vaults_decontamination, hangedman_vaults_capsules,
          ontoclasm_vaults_eye, nicolae_vaults_rhombus_5,
          nicolae_vaults_diagonal_hallway_7, serial_shops, bzr_entry_gold,
          trove_entry_hex_spiral, uniq_saint_roka, uniq_jory
Vaults:3: vaults_mumra_hexcomb, minmay_crypt_entry_necro_gods,
          nicolae_vaults_triangles, vaults_room_fours, v_misc_33
Vaults:4: nicolae_vaults_angled_halls, hangedman_vaults_snaps,
          hangedman_vaults_hat, vaults_mumra_bighexcomb, serial_ice_b,
          v_alt_pattern_3, nicolae_vaults_three_branches, grunt_vaults_focal,
          grunt_vaults_swirl
Vaults:5: serial_shops, uniq_frederick
Crypt:1:  basic_altar, roderic_lattice_octagonal_star
Crypt:3:  evilmike_haunted_forest
Depths:1: serial_bayou_ford_a, abyss_entry, grunt_metal_band, horrible_house_mu,
          firewood_loft, grunt_megastairs_4
Depths:2: box_level_dp, hell_entry
Depths:3: evilmike_diamond_1, pan_entry, minmay_staircase_statues_hall_large,
          hangedman_coc_ice_floe, serial_bayou_shore_b
Depths:4: hangedman_arch_fort, enter_ziggurat_a, hell_entry,
          roderic_serpentine_path, serial_shops, shop, rand_demon_pan_entry_1,
          nicolae_abyss_entry_one_way_or_another
Depths:5: evilmike_zot_entry_gauntlet, hell_entry, moated_statue,
          nrook_kobold_shadow_demons, serial_bayou_shore_b, serial_bayou_shore_b
Zot:3:    nicolae_zot_stationary_front
Zot:5:    grunt_ministairs_14, hangedman_zot_decor_scrapings
Abyss:2:  evilmike_abyss_exit_16, hangedman_abyss_or_decor_stabs,
          abyss_greek_temple
Abyss:3:  evilmike_abyss_rune_curve, evilmike_abyss_exit_glass,
          lemuel_flamethrower_3, evilmike_abyss_rune_tentacle_tunnel
Bazaar:   bazaar_minmay_generic_d, bazaar_long_row
Trove:    trove_jewel_2
Sewer:    sewer_co_scattered_pipes
Bailey:   bailey_polearm_3, bailey
IceCv:    ice_cave_statue_garden_01
Volcano:  volcano_grotto

Action                   |  1- 3 |  4- 6 |  7- 9 | 10-12 | 13-15 | 16-18 | 19-21 | 22-24 | 25-27 || total
-------------------------+-------+-------+-------+-------+-------+-------+-------+-------+-------++-------
Melee: Dagger            |    50 |    51 |   449 |   345 |   713 |   538 |       |       |       ||  2146
       Unarmed           |     3 |       |       |       |       |       |       |       |       ||     3
       Long sword        |       |       |       |       |       |    14 |    15 |       |       ||    29
       Rapier            |       |       |       |       |       |   121 |   406 |   462 |   831 ||  1820
       Staff             |       |       |       |       |       |       |       |    17 |   145 ||   162
Throw: Tomahawk          |     2 |    18 |     3 |     1 |       |       |       |       |       ||    24
       Javelin           |       |       |       |       |     1 |     2 |     6 |       |       ||     9
 Cast: Magic Dart        |    37 |    31 |   165 |   211 |   726 |   767 |   298 |   120 |    79 ||  2434
       Call Imp          |    11 |    13 |    59 |    26 |    24 |     1 |       |       |       ||   134
       Blink             |     2 |     1 |     1 |       |     8 |     8 |     2 |     2 |       ||    24
       Mephitic Cloud    |       |     7 |    38 |    35 |    47 |    38 |       |       |       ||   165
       Conjure Flame     |       |       |     5 |     3 |       |     2 |    17 |       |       ||    27
       Repel Missiles    |       |       |     1 |     2 |       |     2 |     1 |    12 |     4 ||    22
       Iskenderun's Batt |       |       |       |    15 |   125 |   143 |   139 |   122 |   111 ||   655
       Passwall          |       |       |       |       |    12 |    23 |       |    46 |   118 ||   199
       Regeneration      |       |       |       |       |    26 |    50 |    47 |    47 |   101 ||   271
       Ensorcelled Hiber |       |       |       |       |    10 |   163 |    12 |   181 |    83 ||   449
       Iron Shot         |       |       |       |       |       |    60 |   234 |   216 |   560 ||  1070
       Ozocubu's Armour  |       |       |       |       |       |    38 |   107 |    99 |   173 ||   417
       Iskenderun's Myst |       |       |       |       |       |       |   294 |   390 |   409 ||  1093
       Orb of Destructio |       |       |       |       |       |       |    25 |    50 |    47 ||   122
       Poisonous Cloud   |       |       |       |       |       |       |       |     1 |   168 ||   169
       Controlled Blink  |       |       |       |       |       |       |       |       |    16 ||    16
       Ignite Poison     |       |       |       |       |       |       |       |       |    93 ||    93
       Haste             |       |       |       |       |       |       |       |       |     6 ||     6
       Apportation       |       |       |       |       |       |       |       |       |     2 ||     2
Invok: Scrying           |       |       |       |       |       |       |     1 |       |     1 ||     2
 Abil: Evoke Invisibilit |       |       |       |       |       |       |       |       |    10 ||    10
Evoke: Wand              |       |       |       |     8 |       |       |     2 |       |       ||    10
       Fan of gales      |       |       |       |       |       |     1 |       |       |       ||     1
       Crystal ball of e |       |       |       |       |       |       |       |     3 |    17 ||    20
       Staff of energy   |       |       |       |       |       |       |       |   170 |  1495 ||  1665
  Use: Scroll            |     2 |     4 |    15 |    16 |    11 |    13 |     9 |     6 |    20 ||    96
       Potion            |       |     1 |     1 |     1 |       |     6 |       |     1 |       ||    10
 Stab: Sleeping          |     5 |       |    17 |    53 |    88 |   179 |    30 |   135 |   126 ||   633
       Confused          |       |     3 |    20 |    27 |    26 |    27 |       |       |       ||   103
       Distracted        |       |       |       |     1 |     2 |     4 |       |     1 |     6 ||    14
       Fleeing           |       |       |       |       |       |       |       |     1 |       ||     1
       Invisible         |       |       |       |       |       |       |       |       |    48 ||    48
  Eat: Chunk             |     5 |     5 |    18 |    27 |    68 |   105 |    76 |    94 |   133 ||   531
       Beef jerky        |       |     1 |       |     2 |       |       |       |       |    26 ||    29
       Fruit             |       |       |     3 |       |     1 |       |    12 |       |       ||    16
       Pizza             |       |       |     1 |       |     3 |       |     1 |       |     1 ||     6
       Royal jelly       |       |       |       |     1 |       |       |       |       |     3 ||     4
       Meat ration       |       |       |       |       |       |       |     4 |     1 |       ||     5
       Bread ration      |       |       |       |       |       |       |     1 |       |     2 ||     3
